Workbook
Name Hidden_13: Hidden_1!$A$1:$A$10
Name Hidden_211: Hidden_2!$A$1:$A$2

Sheet Hidden_1
A1: Funcionaria (o)
A2: Persona servidora pública
A3: Persona servidora pública eventual
A4: Integrante
A5: Empleada (o)
A6: Representante popular
A7: Miembro del poder judicial
A8: Miembro de órgano autónomo
A9: Personal de confianza
A10: Otro

Sheet Hidden_2
A1: Mujer
A2: Hombre

Sheet Reporte de Formatos
A1: 9
A2: Título | D2: Nombre corto | G2: Descripción
A3: Remuneraciones brutas y netas de todas las personas servidoras públicas de base y de confianza | D3: LGT_65_VII.1 | G3: La información relativa a la remuneración mensual bruta y neta de conformidad con el tabulador de sueldos y salarios aplicable a cada sujeto obligado, así como todos los conceptos que sean adicionales y distintos a las remuneraciones, especificando la periodicidad con que se otorga cada uno de éstos (quincenal, mensual, semestral, anual, por única ocasión, etcétera)
A4: 1 | B4: 4 | C4: 4 | D4: 9 | E4: 1 | F4: 2 | G4: 2 | H4: 2 | I4: 1 | J4: 1 | K4: 1 | L4: 9 | M4: 6 | N4: 1 | O4: 6 | P4: 1 | Q4: 10 | R4: 10 | S4: 10 | T4: 10 | U4: 10 | V4: 10 | W4: 10 | X4: 10 | Y4: 10 | Z4: 10 | AA4: 10 | AB4: 10 | AC4: 10 | AD4: 2 | AE4: 13 | AF4: 14
A5: 124 | B5: 125 | C5: 126 | D5: 127 | E5: 128 | F5: 129 | G5: 130 | H5: 131 | I5: 132 | J5: 133 | K5: 134 | L5: 135 | M5: 136 | N5: 137 | O5: 138 | P5: 139 | Q5: 140 | R5: 141 | S5: 142 | T5: 143 | U5: 144 | V5: 145 | W5: 146 | X5: 147 | Y5: 148 | Z5: 149 | AA5: 155 | AB5: 150 | AC5: 151 | AD5: 152 | AE5: 153 | AF5: 154
A6: Tabla Campos
A7: Ejercicio | B7: Fecha de inicio del periodo que se informa | C7: Fecha de término del periodo que se informa | D7: Tipo de integrante del sujeto obligado (catálogo) | E7: Clave o nivel del puesto | F7: Denominación o descripción del puesto (Redactados con perspectiva de género) | G7: Denominación del cargo (de conformidad con el nombramiento otorgado) | H7: Área de adscripción | I7: Nombre (s) | J7: Primer apellido | K7: Segundo apellido | L7: Sexo (catálogo ) | M7: Monto de la remuneración mensual bruta, de conformidad al Tabulador de sueldos y salarios que corresponda | N7: Tipo de moneda de la remuneración mensual bruta | O7: Monto de la remuneración mensual neta, de conformidad al Tabulador de sueldos y salarios que corresponda | P7: Tipo de moneda de la remuneración mensual neta | Q7: Percepciones adicionales en dinero, Monto bruto y neto, tipo de moneda y su periodicidad Tabla_140 | R7: Percepciones adicionales en especie y su periodicidad Tabla_141 | S7: Ingresos, monto bruto y neto, tipo de moneda y su periodicidad Tabla_142 | T7: Sistemas de compensación, monto bruto y neto, tipo de moneda y su periodicidad Tabla_143 | U7: Gratificaciones, monto bruto y neto, tipo de moneda y su periodicidad Tabla_144 | V7: Primas, monto bruto y neto, tipo de moneda y su periodicidad Tabla_145 | W7: Comisiones, monto bruto y neto, tipo de moneda y su periodicidad Tabla_146 | X7: Dietas, monto bruto y neto, tipo de moneda y su periodicidad Tabla_147 | Y7: Bonos, monto bruto y neto, tipo de moneda y su periodicidad Tabla_148 | Z7: Estímulos, monto bruto y neto, tipo de moneda y su periodicidad Tabla_149 | AA7: Apoyos económicos, monto bruto y neto, tipo de moneda y su periodicidad Tabla_155 | AB7: Prestaciones económicas, monto bruto y neto, tipo de moneda y su periodicidad Tabla_150 | AC7: Prestaciones en especie y su periodicidad Tabla_151 | AD7: Área(s) responsable(s) que genera(n), posee(n), publica(n) y actualiza(n) la información | AE7: Fecha de Actualización | AF7: Nota
A8: 2026 | B8: 46113 | C8: 46203 | D8: Funcionaria (o) | E8: 11301 | F8: Presidencia (Mujer) | G8: Presidente Municipal | H8: Gobernacion | I8: Anabel Mrgarita | J8: Guerrero | K8: Benitez | L8: Mujer | M8: 165709.72 | N8: Pesos | O8: 120450.4 | P8: Pesos | Q8: =Tabla_140!A4 -> 1 | R8: =Tabla_141!A4 -> 1 | S8: =Tabla_142!A4 -> 1 | T8: =Tabla_143!A4 -> 1 | U8: =Tabla_144!A4 -> 1 | V8: =Tabla_145!A4 -> 1 | W8: =Tabla_146!A4 -> 1 | X8: =Tabla_147!A4 -> 1 | Y8: =Tabla_148!A4 -> 1 | Z8: =Tabla_149!A4 -> 1 | AA8: =Tabla_155!A4 -> 1 | AB8: =Tabla_150!A4 -> 1 | AC8: =Tabla_151!A4 -> 1 | AD8: TESORERIA MUNICIPAL | AE8: 46234
A9: 2026 | B9: 46113 | C9: 46203 | D9: Persona servidora pública | E9: 11301 | F9: Presidencia (Hombre) | G9: Secretaria Particular | H9: Gobernacion | I9: Jesús Alejandro | J9: Ibarra | K9: Nieves | L9: Hombre | M9: 32548.48 | N9: Pesos | O9: 27459.62 | P9: Pesos | Q9: =Tabla_140!A5 -> 2 | R9: =Tabla_141!A5 -> 2 | S9: =Tabla_142!A5 -> 2 | T9: =Tabla_143!A5 -> 2 | U9: =Tabla_144!A5 -> 2 | V9: =Tabla_145!A5 -> 2 | W9: =Tabla_146!A5 -> 2 | X9: =Tabla_147!A5 -> 2 | Y9: =Tabla_148!A5 -> 2 | Z9: =Tabla_149!A5 -> 2 | AA9: =Tabla_155!A5 -> 2 | AB9: =Tabla_150!A5 -> 2 | AC9: =Tabla_151!A5 -> 2 | AD9: TESORERIA MUNICIPAL | AE9: 46234
A10: 2026 | B10: 46113 | C10: 46203 | D10: Persona servidora pública | E10: 11301 | F10: Presidencia (Mujer) | G10: Chofer | H10: Gobernacion | I10: Ana Elizabeth | J10: Ramírez | K10: Bucio | L10: Mujer | M10: 16729.68 | N10: Pesos | O10: 15000 | P10: Pesos | Q10: =Tabla_140!A6 -> 3 | R10: =Tabla_141!A6 -> 3 | S10: =Tabla_142!A6 -> 3 | T10: =Tabla_143!A6 -> 3 | U10: =Tabla_144!A6 -> 3 | V10: =Tabla_145!A6 -> 3 | W10: =Tabla_146!A6 -> 3 | X10: =Tabla_147!A6 -> 3 | Y10: =Tabla_148!A6 -> 3 | Z10: =Tabla_149!A6 -> 3 | AA10: =Tabla_155!A6 -> 3 | AB10: =Tabla_150!A6 -> 3 | AC10: =Tabla_151!A6 -> 3 | AD10: TESORERIA MUNICIPAL | AE10: 46234
A11: 2026 | B11: 46113 | C11: 46203 | D11: Persona servidora pública | E11: 11301 | F11: Presidencia (Mujer) | G11: Asistente Administrativo | H11: Gobernacion | I11: Yendi Nallely | J11: Bañuelos | K11: Resendis | L11: Mujer | M11: 9067.58 | N11: Pesos | O11: 9068.58 | P11: Pesos | Q11: =Tabla_140!A7 -> 4 | R11: =Tabla_141!A7 -> 4 | S11: =Tabla_142!A7 -> 4 | T11: =Tabla_143!A7 -> 4 | U11: =Tabla_144!A7 -> 4 | V11: =Tabla_145!A7 -> 4 | W11: =Tabla_146!A7 -> 4 | X11: =Tabla_147!A7 -> 4 | Y11: =Tabla_148!A7 -> 4 | Z11: =Tabla_149!A7 -> 4 | AA11: =Tabla_155!A7 -> 4 | AB11: =Tabla_150!A7 -> 4 | AC11: =Tabla_151!A7 -> 4 | AD11: TESORERIA MUNICIPAL | AE11: 46234
A12: 2026 | B12: 46113 | C12: 46203 | D12: Persona servidora pública | E12: 11301 | F12: Presidencia (Mujer) | G12: Auxiliar | H12: Gobernacion | I12: Esperanza | J12: Dominguez | K12: Lopez | L12: Mujer | M12: 8082.2 | N12: Pesos | O12: 8082.2 | P12: Pesos | Q12: =Tabla_140!A8 -> 5 | R12: =Tabla_141!A8 -> 5 | S12: =Tabla_142!A8 -> 5 | T12: =Tabla_143!A8 -> 5 | U12: =Tabla_144!A8 -> 5 | V12: =Tabla_145!A8 -> 5 | W12: =Tabla_146!A8 -> 5 | X12: =Tabla_147!A8 -> 5 | Y12: =Tabla_148!A8 -> 5 | Z12: =Tabla_149!A8 -> 5 | AA12: =Tabla_155!A8 -> 5 | AB12: =Tabla_150!A8 -> 5 | AC12: =Tabla_151!A8 -> 5 | AD12: TESORERIA MUNICIPAL | AE12: 46234
A13: 2026 | B13: 46113 | C13: 46203 | D13: Persona servidora pública | E13: 11302 | F13: Presidencia (Mujer) | G13: Capturista de Datos | H13: Gobernacion | I13: María Fernanda | J13: Inda | K13: Hernández | L13: Mujer | M13: 20002.02 | N13: Pesos | O13: 13775.3 | P13: Pesos | Q13: =Tabla_140!A9 -> 6 | R13: =Tabla_141!A9 -> 6 | S13: =Tabla_142!A9 -> 6 | T13: =Tabla_143!A9 -> 6 | U13: =Tabla_144!A9 -> 6 | V13: =Tabla_145!A9 -> 6 | W13: =Tabla_146!A9 -> 6 | X13: =Tabla_147!A9 -> 6 | Y13: =Tabla_148!A9 -> 6 | Z13: =Tabla_149!A9 -> 6 | AA13: =Tabla_155!A9 -> 6 | AB13: =Tabla_150!A9 -> 6 | AC13: =Tabla_151!A9 -> 6 | AD13: TESORERIA MUNICIPAL | AE13: 46234
A14: 2026 | B14: 46113 | C14: 46203 | D14: Persona servidora pública | E14: 11302 | F14: Presidencia (Mujer) | G14: Encargada de Administración | H14: Gobernacion | I14: Miriam Magdalena | J14: Hernández | K14: Ocampo | L14: Mujer | M14: 39675.94 | N14: Pesos | O14: 25339.74 | P14: Pesos | Q14: =Tabla_140!A10 -> 7 | R14: =Tabla_141!A10 -> 7 | S14: =Tabla_142!A10 -> 7 | T14: =Tabla_143!A10 -> 7 | U14: =Tabla_144!A10 -> 7 | V14: =Tabla_145!A10 -> 7 | W14: =Tabla_146!A10 -> 7 | X14: =Tabla_147!A10 -> 7 | Y14: =Tabla_148!A10 -> 7 | Z14: =Tabla_149!A10 -> 7 | AA14: =Tabla_155!A10 -> 7 | AB14: =Tabla_150!A10 -> 7 | AC14: =Tabla_151!A10 -> 7 | AD14: TESORERIA MUNICIPAL | AE14: 46234
A15: 2026 | B15: 46113 | C15: 46203 | D15: Persona servidora pública | E15: 11302 | F15: Presidencia (Mujer) | G15: Mensajera | H15: Gobernacion | I15: Estela | J15: Lara | K15: Villagómez | L15: Mujer | M15: 17706.3 | N15: Pesos | O15: 12292.16 | P15: Pesos | Q15: =Tabla_140!A11 -> 8 | R15: =Tabla_141!A11 -> 8 | S15: =Tabla_142!A11 -> 8 | T15: =Tabla_143!A11 -> 8 | U15: =Tabla_144!A11 -> 8 | V15: =Tabla_145!A11 -> 8 | W15: =Tabla_146!A11 -> 8 | X15: =Tabla_147!A11 -> 8 | Y15: =Tabla_148!A11 -> 8 | Z15: =Tabla_149!A11 -> 8 | AA15: =Tabla_155!A11 -> 8 | AB15: =Tabla_150!A11 -> 8 | AC15: =Tabla_151!A11 -> 8 | AD15: TESORERIA MUNICIPAL | AE15: 46234
A16: 2026 | B16: 46113 | C16: 46203 | D16: Funcionaria (o) | E16: 11101 | F16: Cabildo (Mujer) | G16: Síndico Municipal | H16: Gobernacion | I16: Sandra Guadalupe | J16: Morales | K16: Bravo | L16: Mujer | M16: 99761.22 | N16: Pesos | O16: 76014.36 | P16: Pesos | Q16: =Tabla_140!A12 -> 9 | R16: =Tabla_141!A12 -> 9 | S16: =Tabla_142!A12 -> 9 | T16: =Tabla_143!A12 -> 9 | U16: =Tabla_144!A12 -> 9 | V16: =Tabla_145!A12 -> 9 | W16: =Tabla_146!A12 -> 9 | X16: =Tabla_147!A12 -> 9 | Y16: =Tabla_148!A12 -> 9 | Z16: =Tabla_149!A12 -> 9 | AA16: =Tabla_155!A12 -> 9 | AB16: =Tabla_150!A12 -> 9 | AC16: =Tabla_151!A12 -> 9 | AD16: TESORERIA MUNICIPAL | AE16: 46234
A17: 2026 | B17: 46113 | C17: 46203 | D17: Persona servidora pública | E17: 11301 | F17: Sindicatura (Mujer) | G17: Secretaría | H17: Gobernacion | I17: Erika Johana | J17: Mercado | K17: García | L17: Mujer | M17: 9166.94 | N17: Pesos | O17: 9166.94 | P17: Pesos | Q17: =Tabla_140!A13 -> 10 | R17: =Tabla_141!A13 -> 10 | S17: =Tabla_142!A13 -> 10 | T17: =Tabla_143!A13 -> 10 | U17: =Tabla_144!A13 -> 10 | V17: =Tabla_145!A13 -> 10 | W17: =Tabla_146!A13 -> 10 | X17: =Tabla_147!A13 -> 10 | Y17: =Tabla_148!A13 -> 10 | Z17: =Tabla_149!A13 -> 10 | AA17: =Tabla_155!A13 -> 10 | AB17: =Tabla_150!A13 -> 10 | AC17: =Tabla_151!A13 -> 10 | AD17: TESORERIA MUNICIPAL | AE17: 46234
A18: 2026 | B18: 46113 | C18: 46203 | D18: Persona servidora pública | E18: 11301 | F18: Sindicatura (Hombre) | G18: Asesor Jurídico | H18: Gobernacion | I18: Luis Fernando | J18: Villa | K18: Estrada | L18: Hombre | M18: 14553.06 | N18: Pesos | O18: 13213.42 | P18: Pesos | Q18: =Tabla_140!A14 -> 11 | R18: =Tabla_141!A14 -> 11 | S18: =Tabla_142!A14 -> 11 | T18: =Tabla_143!A14 -> 11 | U18: =Tabla_144!A14 -> 11 | V18: =Tabla_145!A14 -> 11 | W18: =Tabla_146!A14 -> 11 | X18: =Tabla_147!A14 -> 11 | Y18: =Tabla_148!A14 -> 11 | Z18: =Tabla_149!A14 -> 11 | AA18: =Tabla_155!A14 -> 11 | AB18: =Tabla_150!A14 -> 11 | AC18: =Tabla_151!A14 -> 11 | AD18: TESORERIA MUNICIPAL | AE18: 46234
A19: 2026 | B19: 46113 | C19: 46203 | D19: Persona servidora pública | E19: 11301 | F19: Sindicatura (Hombre) | G19: Asesor Contable | H19: Gobernacion | I19: Julio César | J19: Ramos | K19: Nolasco | L19: Hombre | M19: 11034.7 | N19: Pesos | O19: 10716.98 | P19: Pesos | Q19: =Tabla_140!A15 -> 12 | R19: =Tabla_141!A15 -> 12 | S19: =Tabla_142!A15 -> 12 | T19: =Tabla_143!A15 -> 12 | U19: =Tabla_144!A15 -> 12 | V19: =Tabla_145!A15 -> 12 | W19: =Tabla_146!A15 -> 12 | X19: =Tabla_147!A15 -> 12 | Y19: =Tabla_148!A15 -> 12 | Z19: =Tabla_149!A15 -> 12 | AA19: =Tabla_155!A15 -> 12 | AB19: =Tabla_150!A15 -> 12 | AC19: =Tabla_151!A15 -> 12 | AD19: TESORERIA MUNICIPAL | AE19: 46234
... A379: 2026 | B379: 46113 | C379: 46203 | D379: Persona servidora pública | E379: 11301 | F379: Secretaría Técnica (Mujer) | G379: Capturista de Datos | H379: Secretaría Técnica | I379: Zenaida | J379: Jímenez | K379: Torres | L379: Mujer | M379: 16007.26 | N379: Pesos | O379: 11271.26 | P379: Pesos | Q379: =Tabla_140!A375 -> 372 | R379: =Tabla_141!A375 -> 372 | S379: =Tabla_142!A375 -> 372 | T379: =Tabla_143!A375 -> 372 | U379: =Tabla_144!A375 -> 372 | V379: =Tabla_145!A375 -> 372 | W379: =Tabla_146!A375 -> 372 | X379: =Tabla_147!A375 -> 372 | Y379: =Tabla_148!A375 -> 372 | Z379: =Tabla_149!A375 -> 372 | AA379: =Tabla_155!A375 -> 372 | AB379: =Tabla_150!A375 -> 372 | AC379: =Tabla_151!A375 -> 372 | AD379: TESORERIA MUNICIPAL | AE379: 46234

Sheet Tabla_140
B1: 2 | C1: 6 | D1: 6 | E1: 1 | F1: 1
B2: 4 | C2: 5 | D2: 6 | E2: 7 | F2: 8
A3: ID | B3: Denominación de las percepciones adicionales en dinero | C3: Monto bruto de las percepciones adicionales en dinero | D3: Monto neto de las percepciones adicionales en dinero | E3: Tipo de moneda de las percepciones adicionales en dinero | F3: Periodicidad de las percepciones adicionales en dinero
A4: 1 | B4: EFECTIVO | C4: 165709.72 | D4: 120450.4 | E4: PESOS | F4: MENSUAL
A5: 2 | B5: EFECTIVO | C5: 32548.48 | D5: 27459.62 | E5: PESOS | F5: MENSUAL
A6: 3 | B6: EFECTIVO | C6: 16729.68 | D6: 15000 | E6: PESOS | F6: MENSUAL
A7: 4 | B7: EFECTIVO | C7: 9067.58 | D7: 9068.58 | E7: PESOS | F7: MENSUAL
A8: 5 | B8: EFECTIVO | C8: 8082.2 | D8: 8082.2 | E8: PESOS | F8: MENSUAL
A9: 6 | B9: EFECTIVO | C9: 20002.02 | D9: 13775.3 | E9: PESOS | F9: MENSUAL
A10: 7 | B10: EFECTIVO | C10: 39675.94 | D10: 25339.74 | E10: PESOS | F10: MENSUAL
A11: 8 | B11: EFECTIVO | C11: 17706.3 | D11: 12292.16 | E11: PESOS | F11: MENSUAL
A12: 9 | B12: EFECTIVO | C12: 99761.22 | D12: 76014.36 | E12: PESOS | F12: MENSUAL
A13: 10 | B13: EFECTIVO | C13: 9166.94 | D13: 9166.94 | E13: PESOS | F13: MENSUAL
A14: 11 | B14: EFECTIVO | C14: 14553.06 | D14: 13213.42 | E14: PESOS | F14: MENSUAL
A15: 12 | B15: EFECTIVO | C15: 11034.7 | D15: 10716.98 | E15: PESOS | F15: MENSUAL
... A375: 372 | B375: EFECTIVO | C375: 16007.26 | D375: 11271.26 | E375: PESOS | F375: MENSUAL

Sheet Tabla_141
B1: 2 | C1: 1
B2: 9 | C2: 10
A3: ID | B3: Descripción de las percepciones adicionales en especie | C3: Periodicidad de las percepciones adicionales en especie
A4: 1 | B4: NA | C4: NA
A5: 2 | B5: NA | C5: NA
A6: 3 | B6: NA | C6: NA
A7: 4 | B7: NA | C7: NA
A8: 5 | B8: NA | C8: NA
A9: 6 | B9: NA | C9: NA
A10: 7 | B10: NA | C10: NA
A11: 8 | B11: NA | C11: NA
A12: 9 | B12: NA | C12: NA
A13: 10 | B13: NA | C13: NA
A14: 11 | B14: NA | C14: NA
A15: 12 | B15: NA | C15: NA
... A375: 372 | B375: NA | C375: NA

Sheet Tabla_142
B1: 2 | C1: 6 | D1: 6 | E1: 1 | F1: 1
B2: 11 | C2: 12 | D2: 13 | E2: 14 | F2: 15
A3: ID | B3: Denominación de los ingresos | C3: Monto bruto de los ingresos | D3: Monto neto de los ingresos | E3: Tipo de moneda de los ingresos | F3: Periodicidad de los ingresos
A4: 1 | B4: EFECTIVO | C4: 82854.86 | D4: 60225.2 | E4: PESOS | F4: QUINCENAL
A5: 2 | B5: EFECTIVO | C5: 16274.24 | D5: 13729.81 | E5: PESOS | F5: QUINCENAL
A6: 3 | B6: EFECTIVO | C6: 8364.84 | D6: 7500 | E6: PESOS | F6: QUINCENAL
A7: 4 | B7: EFECTIVO | C7: 4533.79 | D7: 4533.79 | E7: PESOS | F7: QUINCENAL
A8: 5 | B8: EFECTIVO | C8: 4041.1 | D8: 4041.1 | E8: PESOS | F8: QUINCENAL
A9: 6 | B9: EFECTIVO | C9: 10001.01 | D9: 6887.65 | E9: PESOS | F9: QUINCENAL
A10: 7 | B10: EFECTIVO | C10: 19837.97 | D10: 12669.87 | E10: PESOS | F10: QUINCENAL
A11: 8 | B11: EFECTIVO | C11: 8853.15 | D11: 6146.08 | E11: PESOS | F11: QUINCENAL
A12: 9 | B12: EFECTIVO | C12: 49880.61 | D12: 38007.18 | E12: PESOS | F12: QUINCENAL
A13: 10 | B13: EFECTIVO | C13: 4583.47 | D13: 4583.47 | E13: PESOS | F13: QUINCENAL
A14: 11 | B14: EFECTIVO | C14: 7276.53 | D14: 6606.71 | E14: PESOS | F14: QUINCENAL
A15: 12 | B15: EFECTIVO | C15: 5517.35 | D15: 5358.49 | E15: PESOS | F15: QUINCENAL
... A375: 372 | B375: EFECTIVO | C375: 8003.63 | D375: 5365.63 | E375: PESOS | F375: QUINCENAL

Sheet Tabla_143
B1: 2 | C1: 6 | D1: 6 | E1: 1 | F1: 1
B2: 16 | C2: 17 | D2: 18 | E2: 19 | F2: 20
A3: ID | B3: Denominación de los sistemas de compensación | C3: Monto bruto de los sistemas de compensación | D3: Monto neto de los sistemas de compensación | E3: Tipo de moneda de los sistemas de compensación | F3: Periodicidad de los sistemas de compensación
A4: 1 | B4: EFECTIVO | C4: 72312.61 | D4: 72312.61 | E4: PESOS | F4: QUINCENAL
A5: 2 | B5: EFECTIVO | C5: 11790.49 | D5: 11790.49 | E5: PESOS | F5: QUINCENAL
A6: 3 | B6: EFECTIVO | C6: 4826.09 | D6: 4826.09 | E6: PESOS | F6: QUINCENAL
A7: 4 | B7: EFECTIVO | C7: 1489.14 | D7: 1489.14 | E7: PESOS | F7: QUINCENAL
A8: 5 | B8: EFECTIVO | C8: 1632.3 | D8: 1632.3 | E8: PESOS | F8: QUINCENAL
A9: 6 | B9: EFECTIVO | C9: 0 | D9: 0 | E9: PESOS | F9: QUINCENAL
A10: 7 | B10: EFECTIVO | C10: 1000 | D10: 1000 | E10: PESOS | F10: QUINCENAL
A11: 8 | B11: EFECTIVO | C11: 0 | D11: 0 | E11: PESOS | F11: QUINCENAL
A12: 9 | B12: EFECTIVO | C12: 0 | D12: 0 | E12: PESOS | F12: QUINCENAL
A13: 10 | B13: EFECTIVO | C13: 2174.67 | D13: 2174.67 | E13: PESOS | F13: QUINCENAL
A14: 11 | B14: EFECTIVO | C14: 3737.78 | D14: 3737.78 | E14: PESOS | F14: QUINCENAL
A15: 12 | B15: EFECTIVO | C15: 1978.6 | D15: 1978.6 | E15: PESOS | F15: QUINCENAL
... A375: 372 | B375: EFECTIVO | C375: 0 | D375: 0 | E375: PESOS | F375: QUINCENAL

Sheet Tabla_144
B1: 2 | C1: 6 | D1: 6 | E1: 1 | F1: 1
B2: 21 | C2: 22 | D2: 23 | E2: 24 | F2: 25
A3: ID | B3: Denominación de las gratificaciones | C3: Monto bruto de las gratificaciones | D3: Monto neto de las gratificaciones | E3: Tipo de moneda de las gratificaciones | F3: Periodicidad de las gratificaciones
A4: 1 | B4: EFECTIVO | C4: 0 | D4: 0 | E4: PESOS | F4: ANUAL
A5: 2 | B5: EFECTIVO | C5: 0 | D5: 0 | E5: PESOS | F5: ANUAL
A6: 3 | B6: EFECTIVO | C6: 0 | D6: 0 | E6: PESOS | F6: ANUAL
A7: 4 | B7: EFECTIVO | C7: 0 | D7: 0 | E7: PESOS | F7: ANUAL
A8: 5 | B8: EFECTIVO | C8: 0 | D8: 0 | E8: PESOS | F8: ANUAL
A9: 6 | B9: EFECTIVO | C9: 0 | D9: 0 | E9: PESOS | F9: ANUAL
A10: 7 | B10: EFECTIVO | C10: 0 | D10: 0 | E10: PESOS | F10: ANUAL
A11: 8 | B11: EFECTIVO | C11: 0 | D11: 0 | E11: PESOS | F11: ANUAL
A12: 9 | B12: EFECTIVO | C12: 0 | D12: 0 | E12: PESOS | F12: ANUAL
A13: 10 | B13: EFECTIVO | C13: 0 | D13: 0 | E13: PESOS | F13: ANUAL
A14: 11 | B14: EFECTIVO | C14: 0 | D14: 0 | E14: PESOS | F14: ANUAL
A15: 12 | B15: EFECTIVO | C15: 0 | D15: 0 | E15: PESOS | F15: ANUAL
... A375: 372 | B375: EFECTIVO | C375: 0 | D375: 0 | E375: PESOS | F375: ANUAL

Sheet Tabla_145
B1: 2 | C1: 6 | D1: 6 | E1: 1 | F1: 1
B2: 26 | C2: 27 | D2: 28 | E2: 29 | F2: 30
A3: ID | B3: Denominación de las primas | C3: Monto bruto de las primas | D3: Monto neto de las primas | E3: Tipo de moneda de las primas | F3: Periodicidad de las primas
A4: 1 | B4: EFECTIVO | C4: 0 | D4: 0 | E4: PESOS | F4: SEMESTRAL
A5: 2 | B5: EFECTIVO | C5: 0 | D5: 0 | E5: PESOS | F5: SEMESTRAL
A6: 3 | B6: EFECTIVO | C6: 0 | D6: 0 | E6: PESOS | F6: SEMESTRAL
A7: 4 | B7: EFECTIVO | C7: 0 | D7: 0 | E7: PESOS | F7: SEMESTRAL
A8: 5 | B8: EFECTIVO | C8: 0 | D8: 0 | E8: PESOS | F8: SEMESTRAL
A9: 6 | B9: EFECTIVO | C9: 12490.4 | D9: 10717.41 | E9: PESOS | F9: SEMESTRAL
A10: 7 | B10: EFECTIVO | C10: 37080.3 | D10: 29159.95 | E10: PESOS | F10: SEMESTRAL
A11: 8 | B11: EFECTIVO | C11: 0 | D11: 0 | E11: PESOS | F11: SEMESTRAL
A12: 9 | B12: EFECTIVO | C12: 0 | D12: 0 | E12: PESOS | F12: SEMESTRAL
A13: 10 | B13: EFECTIVO | C13: 0 | D13: 0 | E13: PESOS | F13: SEMESTRAL
A14: 11 | B14: EFECTIVO | C14: 0 | D14: 0 | E14: PESOS | F14: SEMESTRAL
A15: 12 | B15: EFECTIVO | C15: 0 | D15: 0 | E15: PESOS | F15: SEMESTRAL
... A375: 372 | B375: EFECTIVO | C375: 0 | D375: 0 | E375: PESOS | F375: SEMESTRAL

Sheet Tabla_146
B1: 2 | C1: 6 | D1: 6 | E1: 1 | F1: 1
B2: 31 | C2: 32 | D2: 33 | E2: 34 | F2: 35
A3: ID | B3: Denominación de las comisiones | C3: Monto bruto de las comisiones | D3: Monto neto de las comisiones | E3: Tipo de moneda de las comisiones | F3: Periodicidad de las comisiones
A4: 1 | B4: EFECTIVO | C4: 0 | D4: 0 | E4: PESOS | F4: ANUAL
A5: 2 | B5: EFECTIVO | C5: 0 | D5: 0 | E5: PESOS | F5: ANUAL
A6: 3 | B6: EFECTIVO | C6: 0 | D6: 0 | E6: PESOS | F6: ANUAL
A7: 4 | B7: EFECTIVO | C7: 0 | D7: 0 | E7: PESOS | F7: ANUAL
A8: 5 | B8: EFECTIVO | C8: 0 | D8: 0 | E8: PESOS | F8: ANUAL
A9: 6 | B9: EFECTIVO | C9: 0 | D9: 0 | E9: PESOS | F9: ANUAL
A10: 7 | B10: EFECTIVO | C10: 0 | D10: 0 | E10: PESOS | F10: ANUAL
A11: 8 | B11: EFECTIVO | C11: 0 | D11: 0 | E11: PESOS | F11: ANUAL
A12: 9 | B12: EFECTIVO | C12: 0 | D12: 0 | E12: PESOS | F12: ANUAL
A13: 10 | B13: EFECTIVO | C13: 0 | D13: 0 | E13: PESOS | F13: ANUAL
A14: 11 | B14: EFECTIVO | C14: 0 | D14: 0 | E14: PESOS | F14: ANUAL
A15: 12 | B15: EFECTIVO | C15: 0 | D15: 0 | E15: PESOS | F15: ANUAL
... A375: 372 | B375: EFECTIVO | C375: 0 | D375: 0 | E375: PESOS | F375: ANUAL

Sheet Tabla_147
B1: 2 | C1: 6 | D1: 6 | E1: 1 | F1: 1
B2: 36 | C2: 37 | D2: 38 | E2: 39 | F2: 40
A3: ID | B3: Denominación de las dietas | C3: Monto bruto de las dietas | D3: Monto neto de las dietas | E3: Tipo de moneda de las dietas | F3: Periodicidad de las dietas
A4: 1 | B4: EFECTIVO | C4: 0 | D4: 0 | E4: PESOS | F4: QUINCENAL
A5: 2 | B5: EFECTIVO | C5: 0 | D5: 0 | E5: PESOS | F5: QUINCENAL
A6: 3 | B6: EFECTIVO | C6: 0 | D6: 0 | E6: PESOS | F6: QUINCENAL
A7: 4 | B7: EFECTIVO | C7: 0 | D7: 0 | E7: PESOS | F7: QUINCENAL
A8: 5 | B8: EFECTIVO | C8: 0 | D8: 0 | E8: PESOS | F8: QUINCENAL
A9: 6 | B9: EFECTIVO | C9: 0 | D9: 0 | E9: PESOS | F9: QUINCENAL
A10: 7 | B10: EFECTIVO | C10: 0 | D10: 0 | E10: PESOS | F10: QUINCENAL
A11: 8 | B11: EFECTIVO | C11: 0 | D11: 0 | E11: PESOS | F11: QUINCENAL
A12: 9 | B12: EFECTIVO | C12: 5844.25 | D12: 5844.25 | E12: PESOS | F12: QUINCENAL
A13: 10 | B13: EFECTIVO | C13: 0 | D13: 0 | E13: PESOS | F13: QUINCENAL
A14: 11 | B14: EFECTIVO | C14: 0 | D14: 0 | E14: PESOS | F14: QUINCENAL
A15: 12 | B15: EFECTIVO | C15: 0 | D15: 0 | E15: PESOS | F15: QUINCENAL
... A375: 372 | B375: EFECTIVO | C375: 0 | D375: 0 | E375: PESOS | F375: QUINCENAL

Sheet Tabla_148
B1: 2 | C1: 6 | D1: 6 | E1: 1 | F1: 1
B2: 41 | C2: 42 | D2: 43 | E2: 44 | F2: 45
A3: ID | B3: Denominación de los bonos | C3: Monto bruto de los bonos | D3: Monto neto de los bonos | E3: Tipo de moneda de los bonos | F3: Periodicidad de los bonos
A4: 1 | B4: EFECTIVO | C4: 0 | D4: 0 | E4: PESOS | F4: ANUAL
A5: 2 | B5: EFECTIVO | C5: 0 | D5: 0 | E5: PESOS | F5: ANUAL
A6: 3 | B6: EFECTIVO | C6: 0 | D6: 0 | E6: PESOS | F6: ANUAL
A7: 4 | B7: EFECTIVO | C7: 0 | D7: 0 | E7: PESOS | F7: ANUAL
A8: 5 | B8: EFECTIVO | C8: 0 | D8: 0 | E8: PESOS | F8: ANUAL
A9: 6 | B9: EFECTIVO | C9: 19093.48 | D9: 16146.59 | E9: PESOS | F9: ABRIL, MAYO Y JUNIO
A10: 7 | B10: EFECTIVO | C10: 38080.31 | D10: 30047 | E10: PESOS | F10: ABRIL, MAYO Y JUNIO
A11: 8 | B11: EFECTIVO | C11: 17547.94 | D11: 14945.04 | E11: PESOS | F11: ABRIL, MAYO Y JUNIO
A12: 9 | B12: EFECTIVO | C12: 0 | D12: 0 | E12: PESOS | F12: ANUAL
A13: 10 | B13: EFECTIVO | C13: 0 | D13: 0 | E13: PESOS | F13: ANUAL
A14: 11 | B14: EFECTIVO | C14: 0 | D14: 0 | E14: PESOS | F14: ANUAL
A15: 12 | B15: EFECTIVO | C15: 0 | D15: 0 | E15: PESOS | F15: ANUAL
... A375: 372 | B375: EFECTIVO | C375: 15960.06 | D375: 13696.33 | E375: PESOS | F375: ABRIL, MAYO Y JUNIO

Sheet Tabla_149
B1: 2 | C1: 6 | D1: 6 | E1: 1 | F1: 1
B2: 46 | C2: 47 | D2: 48 | E2: 49 | F2: 50
A3: ID | B3: Denominación de los estímulos | C3: Monto bruto de los estímulos | D3: Monto neto de los estímulos | E3: Tipo de moneda de los estímulos | F3: Periodicidad de los estímulos
A4: 1 | B4: EFECTIVO | C4: 0 | D4: 0 | E4: PESOS | F4: POR AÑOS DE SERVICIO
A5: 2 | B5: EFECTIVO | C5: 0 | D5: 0 | E5: PESOS | F5: POR AÑOS DE SERVICIO
A6: 3 | B6: EFECTIVO | C6: 0 | D6: 0 | E6: PESOS | F6: POR AÑOS DE SERVICIO
A7: 4 | B7: EFECTIVO | C7: 0 | D7: 0 | E7: PESOS | F7: POR AÑOS DE SERVICIO
A8: 5 | B8: EFECTIVO | C8: 0 | D8: 0 | E8: PESOS | F8: POR AÑOS DE SERVICIO
A9: 6 | B9: EFECTIVO | C9: 0 | D9: 0 | E9: PESOS | F9: POR AÑOS DE SERVICIO
A10: 7 | B10: EFECTIVO | C10: 0 | D10: 0 | E10: PESOS | F10: POR AÑOS DE SERVICIO
A11: 8 | B11: EFECTIVO | C11: 0 | D11: 0 | E11: PESOS | F11: POR AÑOS DE SERVICIO
A12: 9 | B12: EFECTIVO | C12: 0 | D12: 0 | E12: PESOS | F12: POR AÑOS DE SERVICIO
A13: 10 | B13: EFECTIVO | C13: 0 | D13: 0 | E13: PESOS | F13: POR AÑOS DE SERVICIO
A14: 11 | B14: EFECTIVO | C14: 0 | D14: 0 | E14: PESOS | F14: POR AÑOS DE SERVICIO
A15: 12 | B15: EFECTIVO | C15: 0 | D15: 0 | E15: PESOS | F15: POR AÑOS DE SERVICIO
... A375: 372 | B375: EFECTIVO | C375: 5350 | D375: 4199.02 | E375: PESOS | F375: POR AÑOS DE SERVICIO

Sheet Tabla_155
B1: 2 | C1: 6 | D1: 6 | E1: 1 | F1: 1
B2: 58 | C2: 59 | D2: 60 | E2: 61 | F2: 62
A3: ID | B3: Denominación de los apoyos económicos | C3: Monto bruto de los apoyos económicos | D3: Monto neto de los apoyos económicos | E3: Tipo de moneda de los apoyos económicos | F3: Periodicidad de los apoyos económicos
A4: 1 | B4: EFECTIVO | C4: 0 | D4: 0 | E4: PESOS | F4: ANUAL
A5: 2 | B5: EFECTIVO | C5: 0 | D5: 0 | E5: PESOS | F5: ANUAL
A6: 3 | B6: EFECTIVO | C6: 0 | D6: 0 | E6: PESOS | F6: ANUAL
A7: 4 | B7: EFECTIVO | C7: 0 | D7: 0 | E7: PESOS | F7: ANUAL
A8: 5 | B8: EFECTIVO | C8: 0 | D8: 0 | E8: PESOS | F8: ANUAL
A9: 6 | B9: EFECTIVO | C9: 0 | D9: 0 | E9: PESOS | F9: ANUAL
A10: 7 | B10: EFECTIVO | C10: 0 | D10: 0 | E10: PESOS | F10: ANUAL
A11: 8 | B11: EFECTIVO | C11: 0 | D11: 0 | E11: PESOS | F11: ANUAL
A12: 9 | B12: EFECTIVO | C12: 0 | D12: 0 | E12: PESOS | F12: ANUAL
A13: 10 | B13: EFECTIVO | C13: 0 | D13: 0 | E13: PESOS | F13: ANUAL
A14: 11 | B14: EFECTIVO | C14: 0 | D14: 0 | E14: PESOS | F14: ANUAL
A15: 12 | B15: EFECTIVO | C15: 0 | D15: 0 | E15: PESOS | F15: ANUAL
... A375: 372 | B375: EFECTIVO | C375: 0 | D375: 0 | E375: PESOS | F375: ANUAL

Sheet Tabla_150
B1: 2 | C1: 6 | D1: 6 | E1: 1 | F1: 1
B2: 51 | C2: 52 | D2: 53 | E2: 54 | F2: 55
A3: ID | B3: Denominación de las prestaciones económicas | C3: Monto bruto de las prestaciones económicas | D3: Monto neto de las prestaciones económicas | E3: Tipo de moneda de las prestaciones económicas | F3: Periodicidad de las prestaciones económicas
A4: 1 | B4: EFECTIVO | C4: 0 | D4: 0 | E4: PESOS | F4: ANUAL
A5: 2 | B5: EFECTIVO | C5: 0 | D5: 0 | E5: PESOS | F5: ANUAL
A6: 3 | B6: EFECTIVO | C6: 0 | D6: 0 | E6: PESOS | F6: ANUAL
A7: 4 | B7: EFECTIVO | C7: 0 | D7: 0 | E7: PESOS | F7: ANUAL
A8: 5 | B8: EFECTIVO | C8: 0 | D8: 0 | E8: PESOS | F8: ANUAL
A9: 6 | B9: EFECTIVO | C9: 1809.35 | D9: 1809.35 | E9: PESOS | F9: FEBRERO, ABRIL, AGOSTO, OCTUBRE, NOVIEMBRE, DICIEMBRE
A10: 7 | B10: EFECTIVO | C10: 3708.03 | D10: 3481.69 | E10: PESOS | F10: FEBRERO, ABRIL, AGOSTO, OCTUBRE, NOVIEMBRE, DICIEMBRE
A11: 8 | B11: EFECTIVO | C11: 1654.79 | D11: 1654.79 | E11: PESOS | F11: FEBRERO, ABRIL, AGOSTO, OCTUBRE, NOVIEMBRE, DICIEMBRE
A12: 9 | B12: EFECTIVO | C12: 0 | D12: 0 | E12: PESOS | F12: ANUAL
A13: 10 | B13: EFECTIVO | C13: 0 | D13: 0 | E13: PESOS | F13: ANUAL
A14: 11 | B14: EFECTIVO | C14: 0 | D14: 0 | E14: PESOS | F14: ANUAL
A15: 12 | B15: EFECTIVO | C15: 0 | D15: 0 | E15: PESOS | F15: ANUAL
... A375: 372 | B375: EFECTIVO | C375: 1496.01 | D375: 1496.01 | E375: PESOS | F375: FEBRERO, ABRIL, AGOSTO, OCTUBRE, NOVIEMBRE, DICIEMBRE

Sheet Tabla_151
B1: 2 | C1: 1
B2: 56 | C2: 57
A3: ID | B3: Descripción de las prestaciones en especie | C3: Periodicidad de las prestaciones en especie
A4: 1 | B4: 0 | C4: 0
A5: 2 | B5: 0 | C5: 0
A6: 3 | B6: 0 | C6: 0
A7: 4 | B7: 0 | C7: 0
A8: 5 | B8: 0 | C8: 0
A9: 6 | B9: 0 | C9: 0
A10: 7 | B10: 0 | C10: 0
A11: 8 | B11: 0 | C11: 0
A12: 9 | B12: 0 | C12: 0
A13: 10 | B13: 0 | C13: 0
A14: 11 | B14: 0 | C14: 0
A15: 12 | B15: 0 | C15: 0
... A375: 372 | B375: 0 | C375: 0
